 Dungeon Crawl Stone Soup version 0.29-a0-330-g52719c12eb (webtiles) character file.

Game seed: 3189323359101901391

28 night the Bolt Thrower (level 3, -2/29 HPs)
             Began as a Formicid Hunter on May 10, 2022.
             Was a Follower of Trog.
             Succumbed to Crazy Yiuf's poison
             ... on level 2 of the Dungeon.
             The game lasted 00:02:50 (1055 turns).

night the Bolt Thrower (Formicid Hunter)            Turns: 1055, Time: 00:02:51

Health: -2/29      AC:  3    Str: 15    XL:     3   Next: 30%
Magic:  3/3        EV: 12    Int:  8    God:    Trog [*.....]
Gold:   51         SH:  0    Dex: 16    Spells: 2/2 levels left

rFire   . . .      SeeInvis +   b - +2 short sword (venom)
rCold   . . .      Faith    .   (no shield)
rNeg    . . .      Spirit   .   j - +0 leather armour
rPois   .          Reflect  .   (helmet unavailable)
rElec   .          Harm     .   (no cloak)
rCorr   .          Rampage  .   (no gloves)
Will    .....                   (no boots)
Stlth   ++........              (no amulet)
HPRegen 0.09/turn               (no ring)
MPRegen 0.08/turn               (no ring)

@: lethally poisoned (-2 -> -21), attractive
A: permanent stasis, dig shafts and tunnels, antennae 3, four strong arms
a: Dig, Shaft Self, Renounce Religion


You were on level 2 of the Dungeon.
You worshipped Trog.
Trog was aware of your devotion.
You visited 1 branch of the dungeon, and saw 2 of its levels.

You collected 51 gold pieces.

Inventory:

Hand Weapons
 a - a +1 hand crossbow
 b - a +2 short sword of venom (weapon)
 k - the +2 whip "Luimpaetz" {freeze, Str+4}
   (You took it off a goblin on level 2 of the Dungeon)

   It freezes those it strikes, dealing additional cold damage.
   It can also slow down cold-blooded creatures.
   Str:       It affects your strength (+4).
Missiles
 f - 21 stones
Armour
 j - a +0 leather armour (worn)
Jewellery
 h - an amulet of faith
 i - an amulet of the acrobat
Scrolls
 c - a scroll of immolation
Potions
 d - a potion of flight
 e - a potion of haste


   Skills:
 + Level 3.0 Fighting
 + Level 0.9 Long Blades
 + Level 4.4 Crossbows
 - Level 1.7 Dodging
 - Level 1.2 Stealth


You had 2 spell levels left.
You didn't know any spells.
Your spell library was empty.

Dungeon Overview and Level Annotations

Branches:
Dungeon (2/15)

Altars:
Sif Muna
Trog

Annotations:
D:2 Crazy Yiuf


Innate Abilities, Weirdness & Mutations

You cannot be hasted, slowed, berserked, paralysed or teleported.
You can dig through walls and to a lower floor.
You have a pair of large antennae on your head. (SInv)
Your four strong arms can wield two-handed weapons with a shield.


Message History

A jackal comes into view.
The jackal barks!
There is a stone staircase leading up here.
You shoot a bolt. The bolt barely misses the jackal.
You shoot a bolt. The bolt closely misses the jackal.
You shoot a bolt. The bolt closely misses the jackal.
The jackal closely misses you.
You shoot a bolt. The bolt hits the jackal.
The jackal is almost dead.
The jackal bites you. The jackal barely misses you.
You shoot a bolt. The bolt hits the jackal!
You kill the jackal!
Trog accepts your kill.
Found a mace.
Found a runed translucent door.
Crazy Yiuf shouts!
Okay, then.
Your +2 short sword of venom begins to drip with poison!
b - a +2 short sword of venom (weapon)
Okay, then.
Okay, then.
You open the door. You closely miss Crazy Yiuf. Crazy Yiuf misses you.
You hit Crazy Yiuf.
Crazy Yiuf is poisoned.
Crazy Yiuf is moderately wounded.
Crazy Yiuf hits you with a +2 quarterstaff of chaos!
You barely miss Crazy Yiuf.
Crazy Yiuf is moderately wounded.
Crazy Yiuf hits you with a +2 quarterstaff of chaos!
* * * LOW HITPOINT WARNING * * *
You are lethally poisoned!
It was a potion of haste.
Your stasis prevents you from being hasted.
* * * LOW HITPOINT WARNING * * *
You feel very sick.
Crazy Yiuf screams, "Gum arm ena!"
Crazy Yiuf barely misses you.
Okay, then.
It was a potion of attraction.
You feel attractive to monsters.
You die...

...#.......#####..##
##.........# #....#
#.....#.### ♣....♣
#.......# ♣♣...♣
#.....### ♣♣.♣♣
#.....# ♣♣.♣
#####.... ♣.♣♣ ...#
...#. ♣♣.♣ ##)# ....
♣@♣♣ ##.# #g# ...#
... #..# #...# #..#
#)..# ...# #####
#.##


You could see Crazy Yiuf (very poisoned).

Vanquished Creatures
  3 bats (D:1)
  3 endoplasms (D:1)
  2 giant cockroaches (D:1)
  2 goblins
  4 jackals (D:2)
  2 kobolds (D:1)
  2 quokkas (D:2)
  A ball python (D:1)
  A frilled lizard (D:1)
  4 rats (D:1)
24 creatures vanquished.

Notes
Turn   | Place    | Note
-------+----------+-------------------------------------------
     0 | D:1      | night the Formicid Hunter began the quest for the Orb.
     0 | D:1      | Reached XP level 1. HP: 16/16 MP: 1/1
   118 | D:1      | Reached XP level 2. HP: 23/23 MP: 2/2
   394 | D:1      | Found a faded altar of an unknown god.
   403 | D:1      | Prayed at the altar of an unknown god.
   403 | D:1      | Became a worshipper of Trog the Wrathful
   403 | D:1      | Reached * piety under Trog
   677 | D:2      | Reached XP level 3. HP: 12/28 MP: 3/3
   896 | D:2      | Identified the +2 whip "Luimpaetz" {freeze, Str+4}
  1000 | D:2      | Found a shimmering blue altar of Sif Muna.
  1045 | D:2      | Found a runed translucent door.
  1046 | D:2      | Noticed Crazy Yiuf
  1054 | D:2      | HP: 2/29 [poisoned by Crazy Yiuf]
  1055 | D:2      | Succumbed to Crazy Yiuf's poison

Illustrated notes

Levels and vault maps discovered:
D:1:      onia_arrival_handbag, layout_basic,
          dreamdust_ecumenical_altar_hidden_monk_grotto
D:2:      layout_loops_cross, basic_altar, uniq_crazy_yiuf_cottage

Skill      XL: |  1  2  3 |
---------------+----------+-----
Fighting       | 3 |  3.0
Long Blades    | |  0.9
Crossbows      | |  4.4
Dodging        | |  1.7
Stealth        | |  1.2

Action                   || total
-------------------------++-------
Melee: Short sword       ||    10
 Fire: Hand crossbow     ||    60
  Use: Scroll            ||     3
       Potion            ||     2
Armor: Leather armour    ||    10
Dodge: Dodged            ||    11

Table legend: (Time is in decaauts)
 A = Elapsed time spent in this place.
 B = Non-inter-level travel time spent in this place.
 C = Inter-level travel time spent in this place.
 D = Time resting spent in this place.
 E = Time spent auto-exploring this place.
 F = Levels seen in this place.
 G = Mean time per level.
                   A        B        C        D        E       F      G
               +--------+--------+--------+--------+--------+-----+--------+
         Total |   1073 |   1060 |     13 |      0 |    877 |   2 |  536.5 |
       Dungeon |   1073 |   1060 |     13 |      0 |    877 |   2 |  536.5 |
               +--------+--------+--------+--------+--------+-----+--------+

Top non-repeatable levels by time:
     D:1: 661 daAuts
     D:2: 412 daAuts
